 Dungeon Crawl Stone Soup version 0.32-a0-519-g08f29ac1c3 (webtiles) character file.

Game seed: 15267955811620710818

27477 inmateoo the Cleaver (level 13, -6/183 HPs)
             Began as a Mountain Dwarf Fighter on Feb 27, 2024.
             Was an Elder of Trog.
             Mangled by a hell knight
             ... wielding a +5 battleaxe
              (20 damage)
             ... on level 13 of the Dungeon.
             The game lasted 00:10:19 (12531 turns).

inmateoo the Cleaver (Mountain Dwarf Fighter)      Turns: 12531, Time: 00:10:20

Health: -6/183     AC: 19    Str: 23    XL:     13   Next: 4%
Magic:  0/13       EV: 14    Int: 10    God:    Trog [****..]
Gold:   747        SH:  6    Dex: 15    Spells: 12/12 levels left

rFire   . . .        q - +3 hand axe (heavy)
rCold   . . .        c - +0 buckler
rNeg    . . .        z - +0 plate armour
rPois   .            p - +0 helmet
rElec   .            (no cloak)
rCorr   .            b - +0 pair of gloves
SInv    .            A - +1 pair of boots
Will    +....        B - amulet of guardian spirit Stlth
                     g - +6 ring of dexterity
HPRegen 0.50/turn    o - +5 ring of evasion
MPRegen 0.13/turn

%: guardian spirit
@: berserking (expiring), very quick
A: runic magic, artefact enchanting
a: Renounce Religion, Berserk, Trog's Hand, Brothers in Arms


You were on level 13 of the Dungeon.
You worshipped Trog.
Trog was greatly pleased with you.
You visited 2 branches of the dungeon, and saw 14 of its levels.
You also visited: Ossuary and Bailey.

You collected 883 gold pieces.
You spent 136 gold pieces at shops.

Inventory:

Hand Weapons
 a - a +0 war axe
 f - a +0 broad axe
 q - a +3 heavy hand axe (weapon)
Missiles
 H - a throwing net (quivered)
Armour
 b - a +0 pair of gloves (worn)
 c - a +0 buckler (worn)
 p - a +0 helmet (worn)
 z - a +0 plate armour (worn)
 A - a +1 pair of boots (worn)
Jewellery
 g - a +6 ring of dexterity (left hand)
 o - a +5 ring of evasion (right hand)
 B - an amulet of guardian spirit (around neck)
Wands
 n - a wand of flame (40)
 r - a wand of charming (2)
 s - a wand of digging (4)
 C - a wand of roots (21)
 I - a wand of polymorph (4)
Scrolls
 e - 4 scrolls of blinking
 l - 7 scrolls of teleportation
 m - 5 scrolls of enchant armour
 t - 2 scrolls of noise
 y - 3 scrolls of poison
 J - 2 scrolls of identify
Potions
 d - 2 potions of might
 h - 2 potions of heal wounds
 i - 2 potions of resistance
 j - 2 potions of lignification
 k - 2 potions of mutation
 u - 3 potions of enlightenment
 v - a potion of haste
 w - 2 potions of curing
 x - 3 potions of cancellation
 D - a potion of invisibility
 E - 2 potions of attraction {unknown}
 F - a potion of magic {unknown}
 G - 2 potions of brilliance


   Skills:
 + Level 13.5 Fighting
 * Level 14.2 Axes
 + Level 9.8 Armour
 + Level 6.1 Dodging
 + Level 9.5 Shields


You had 12 spell levels left.
You didn't know any spells.
Your spell library contained the following spells:

 Spells                   Type           Power      Damage    Failure   Level
 Kiss of Death            Conj/Necr      0%         2d5       63%         1
 Magic Dart               Conj           0%         1d3       63%         1
 Blink                    Tloc           0%         N/A       77%         2
 Call Imp                 Summ           0%         N/A       77%         2
 Ensorcelled Hibernation  Hex/Ice        0%         N/A       77%         2
 Scorch                   Fire           0%         2d5       77%         2
 Call Canine Familiar     Summ           0%         N/A       94%         3
 Confusing Touch          Hex            0%         N/A       94%         3
 Fugue of the Fallen      Necr           0%         N/A       94%         3
 Sigil of Binding         Hex            0%         N/A       94%         3
 Anguish                  Hex/Necr       0%         N/A       100%        4
 Dimensional Bullseye     Hex/Tloc       0%         N/A       100%        4
 Dispel Undead            Necr           0%         3d6       100%        4
 Flame Wave               Conj/Fire      0%         2d4       100%        4
 Vhi's Electric Charge    Tloc/Air       0%         N/A       100%        4
 Arcjolt                  Conj/Air       0%         1d10      100%        5
 Plasma Beam              Fire/Air       0%         2x1d10    100%        6
 Summon Cactus Giant      Summ           0%         N/A       100%        6


Dungeon Overview and Level Annotations

Branches:
Dungeon (13/15)            Temple (1/1) D:4            Lair (0/5) D:11
    Orc (0/2) D:10        Ossuary (visited)          Bailey (visited)
 Vaults: D:13-14

Altars:
Ashenzari
Cheibriados
Dithmenos
Elyvilon
Fedhas
Gozag
Hepliaklqana
Kikubaaqudgha
Makhleb
Nemelex Xobeh
Okawaru
Qazlal
Ru
Sif Muna
Trog
Uskayaw
Vehumet
Wu Jian
Xom
Yredelemnul
Zin
The Shining One

Shops:
D:9 *

Portals:
Trove: D:11 (give +6 demon trident)

Annotations:
D:1 1 transporter
D:10 exclusion: ice statue


Innate Abilities, Weirdness & Mutations

Your spellcasting is much less encumbered by armour.
You can use scrolls of enchantment on lesser artefacts.


Message History

You barely miss the hell hound.
The hell hound is lightly wounded.
The hell hound bites you.
You barely miss the hell hound.
The hell hound is lightly wounded.
You hit the hell knight. The hell knight completely misses you.
You hit the hell knight.
The hell knight is lightly wounded.
You hit the hell hound. You slash the hell knight!
The hell knight mumbles some strange prayers to its god against you.
The bolt of fire hits you!
The bolt of fire hits the hell hound.
The hell hound completely resists.
The hell hound misses you.
You barely miss the hell knight.
The hell knight is moderately wounded.
You slash the hell knight! You slash the hell hound!
The hell knight hits you with a +3 heavy demon blade!!
The hell hound bites you but does no damage.
The hell knight hits you with a +5 battleaxe!!
* * * LOW HITPOINT WARNING * * *
You are too injured to fight recklessly!
You slash the hell knight!
The hell knight is moderately wounded.
You closely miss the hell knight. You closely miss the hell hound.
The hell knight invokes the aid of its god against you.
The bolt of fire hits you!!
* * * LOW HITPOINT WARNING * * *
The bolt of fire hits the hell hound.
The hell hound completely resists.
The hell hound bites you but does no damage.
You are too injured to fight recklessly!
You slice the hell knight!!
The hell knight is severely wounded.
You slash the hell hound! You hit the hell knight.
The hell knight hits you with a +3 heavy demon blade!
* * * LOW HITPOINT WARNING * * *
You are too injured to fight recklessly!
You closely miss the hell knight.
The hell knight is severely wounded.
You hit the hell knight. You barely miss the hell hound.
The hell knight hits you with a +5 battleaxe!!
You die...

### ### #.##
###.###..# .
###....##..
..
##...#...#..
#..
##.†####..#.#
.. #..##
##.#p#.##
#.## #.#@ph.#
#.# #.#h#..#
#)# #.#.# .#
#.# #.#.# #
#.# #.#.# #.#
#.#.# #.#
#.#.# #.#
#.#.# #.#
#.#.#


You could see 2 hell knights and 2 hell hounds.

Vanquished Creatures
  2 vault guards (Bailey)
  A boulder beetle (D:12)
  A catoblepas (D:13)
  3 two-headed ogres (D:11)
  Pikel (D:8)
  A rust devil (D:13)
  An unseen horror (D:12)
  A gargoyle (D:12)
  A rime drake (D:11)
  A komodo dragon (D:10)
  3 trolls
  Prince Ribbit (Bailey)
  A hornet (D:10)
  A polar bear (D:11)
  Sigmund (D:6)
  A wyvern (D:10)
  A wraith (D:12)
  9 humans (Bailey)
  14 yaks
  A steam dragon (D:8)
  9 vampire mosquitoes
  2 acid dragons
  2 water moccasins (D:7)
  Edmund (D:6)
  3 hell hounds (D:13)
  A sky beast (D:6)
  7 orc warriors
  4 ice beasts
  A black bear (D:8)
  3 centaurs
  2 wolves (D:11)
  4 lemures (D:8)
  A phantom (D:6)
  3 elf zombies (Ossuary)
  A weeping skull (Ossuary)
  A kobold brigand (D:9)
  Blork the orc (D:5)
  A gnoll sergeant (D:7)
  12 bullfrogs
  2 scorpions
  3 wights (D:8)
  3 killer bees (D:9)
  An electric eel (D:10)
  6 howler monkeys
  A bombardier beetle (D:6)
  5 centaur zombies (Ossuary)
  A jelly (D:6)
  5 hounds
  A human zombie (Ossuary)
  4 orc priests
  3 gnoll boudas
  A sleepcap (D:6)
  5 iguanas
  10 orc wizards
  A bullfrog simulacrum (Ossuary)
  2 hound zombies (Ossuary)
  3 mummies (Ossuary)
  Robin (D:4)
  23 gnolls
  9 adders
  A river rat (D:4)
  2 shadow imps (D:7)
  3 white imps
  8 ufetubi
  4 adder zombies (Ossuary)
  5 ribbon worms
  2 dart slugs (D:1)
  46 orcs
  13 endoplasms
  4 giant cockroaches
  19 goblins
  13 hobgoblins
  3 jackals (D:3)
  6 kobolds
  3 quokkas
  5 ball pythons
  4 ball python zombies (Ossuary)
  4 bats
  4 frilled lizards
  6 jackal zombies (Ossuary)
  2 kobold zombies (Ossuary)
  3 rats
355 creatures vanquished.

Vanquished Creatures (collateral kills)
  A hydra (D:13)
  Grinder (D:6)
  A centaur (D:6)
3 creatures vanquished.

Vanquished Creatures (others)
  A shadow imp (D:6)
1 creature vanquished.

Grand Total: 359 creatures vanquished

Notes
Turn   | Place    | Note
-------+----------+-------------------------------------------
     0 | D:1      | inmateoo the Mountain Dwarf Fighter began the quest for the
                  | Orb.
     0 | D:1      | Reached XP level 1. HP: 19/19 MP: 1/1
   110 | D:1      | Reached XP level 2. HP: 22/26 MP: 2/2
   244 | D:1      | Reached skill level 3 in Axes
   462 | D:1      | Reached XP level 3. HP: 30/31 MP: 3/3
   842 | D:2      | Reached XP level 4. HP: 40/40 MP: 4/4
   880 | D:2      | Noticed a scorpion
   889 | D:2      | Killed a scorpion
   890 | D:2      | Reached skill level 4 in Axes
  1135 | D:2      | Reached XP level 5. HP: 46/46 MP: 5/5
  1136 | D:2      | Reached skill level 1 in Dodging
  2110 | D:4      | Noticed Robin
  2115 | D:4      | Reached XP level 6. HP: 42/53 MP: 6/6
  2125 | D:3      | Reached skill level 5 in Axes
  2270 | D:4      | Killed Robin
  2467 | D:4      | Found a staircase to the Ecumenical Temple.
  2622 | D:4      | Found a sand-covered staircase.
  2631 | Ossuary  | Entered an ossuary
  2770 | Ossuary  | Reached XP level 7. HP: 46/60 MP: 7/7
  2807 | Ossuary  | Reached skill level 6 in Axes
  2900 | Ossuary  | Reached skill level 5 in Fighting
  2956 | Ossuary  | Reached skill level 5 in Armour
  2976 | Ossuary  | Reached skill level 5 in Shields
  3445 | Temple   | Entered the Ecumenical Temple
  3461 | Temple   | Became a worshipper of Trog the Wrathful
  3511 | D:5      | Entered Level 5 of the Dungeon
  3524 | D:5      | Reached skill level 7 in Axes
  3524 | D:5      | Reached XP level 8. HP: 55/68 MP: 8/8
  3729 | D:5      | Noticed Blork the orc
  3738 | D:5      | Killed Blork the orc
  4025 | D:5      | Found an opulent altar of Gozag.
  4563 | D:6      | Noticed Grinder
  4945 | D:6      | Killed Grinder
  4946 | D:6      | Reached skill level 8 in Axes
  5167 | D:6      | Reached XP level 9. HP: 46/75 MP: 9/9
  5554 | D:6      | Noticed Sigmund
  5563 | D:6      | Killed Sigmund
  5725 | D:6      | Reached * piety under Trog
  5799 | D:6      | Found an ornate altar of the Wu Jian Council.
  5832 | D:6      | Noticed Edmund
  5842 | D:6      | Killed Edmund
  5843 | D:6      | Reached skill level 9 in Axes
  6119 | D:7      | Found a flagged portal.
  6193 | Bailey   | Entered a bailey
  6234 | Bailey   | Reached skill level 10 in Axes
  6514 | Bailey   | Noticed Prince Ribbit
  6518 | Bailey   | Reached XP level 10. HP: 55/86 MP: 10/10
  6527 | Bailey   | Killed Prince Ribbit
  6527 | Bailey   | Noticed a vault guard
  6651 | Bailey   | Killed a vault guard
  6652 | Bailey   | Reached skill level 11 in Axes
  6795 | Bailey   | Noticed a vault guard
  6808 | Bailey   | Killed a vault guard
  6989 | D:7      | Reached ** piety under Trog
  7355 | D:7      | Found a burning altar of Makhleb.
  7364 | D:7      | Found a basalt altar of Yredelemnul.
  7723 | D:8      | Reached skill level 12 in Axes
  7742 | D:8      | Noticed Pikel
  7757 | D:8      | Killed Pikel
  8031 | D:8      | Reached skill level 5 in Dodging
  8133 | D:8      | Reached XP level 11. HP: 76/95 MP: 8/11
  8347 | D:9      | Found Ivvem's General Store.
  8389 | D:9      | Bought a potion of curing for 39 gold pieces
  8389 | D:9      | Bought a scroll of enchant armour for 97 gold pieces
  8403 | D:9      | Reached *** piety under Trog
  8900 | D:9      | Reached XP level 12. HP: 113/113 MP: 12/12
  8923 | D:10     | Entered Level 10 of the Dungeon
  9435 | D:10     | Found a hazy altar of Hepliaklqana.
  9436 | D:10     | Found a hide-covered altar of Uskayaw.
  9464 | D:10     | Found a staircase to the Orcish Mines.
 10255 | D:11     | Reached **** piety under Trog
 10461 | D:11     | Noticed a two-headed ogre
 10468 | D:11     | Killed a two-headed ogre
 10469 | D:11     | Reached skill level 13 in Axes
 10469 | D:11     | Found a staircase to the Lair.
 10680 | D:11     | Noticed a two-headed ogre
 10687 | D:11     | Killed a two-headed ogre
 10780 | D:11     | Noticed a two-headed ogre
 10787 | D:11     | Killed a two-headed ogre
 10869 | D:11     | Found a portal to a secret trove of treasure.
 11365 | D:12     | Noticed a boulder beetle
 11415 | D:12     | Killed a boulder beetle
 11893 | D:13     | Noticed a catoblepas
 11909 | D:13     | Killed a catoblepas
 12050 | D:13     | Noticed a six-headed hydra
 12062 | D:13     | Killed an eight-headed hydra
 12063 | D:13     | Reached skill level 14 in Axes
 12459 | D:13     | Reached XP level 13. HP: 108/122 MP: 11/13
 12531 | D:13     | Mangled by a hell knight

Illustrated notes

Levels and vault maps discovered:
D:1:      spicycebolla_arrival_risky_transporter, layout_basic
D:2:      layout_basic, kennysheep_generic_room_3
D:3:      layout_basic
D:4:      layout_loops_ring, lemuel_temple_firewalk_a,
          mainiacjoe_sewer_entry_somewhere_in_here_2,
          mainiacjoe_ossuary_entry_dusty_tomb, uniq_robin
D:5:      layout_basic, grunt_gozag_statues, chequers_serial_rivers_large_b,
          uniq_blork_the_orc
D:6:      layout_basic, marbit_many_paths, minmay_fractal_squares_5,
          uniq_grinder, uniq_edmund, uniq_sigmund
D:7:      layout_rooms, mainiacjoe_overflow_large_starburst, enter_bailey_5
D:8:      layout_cave_pods, chequers_mini_garden, uniq_pikel
D:9:      layout_rooms, serial_shops, shop_fountains
D:10:     cheibrodos_frozen_isle, layout_loops_corners,
          nicolae_overflow_squiral, david_orc_2
D:11:     layout_loops_corners, hellmonk_lair_entry_icy,
          nicolae_trove_entry_columns
D:12:     layout_roguey
D:13:     mludivico_vault, layout_basic
Temple:   eino_temple_rhombus

Skill      XL: |  1  2  3  4  5  6  7  8  9 10 11 12 |
---------------+-------------------------------------+-----
Axes           | 3 4 5 7 8 10 12 14 | 14.2
Fighting       | 4 5 6 7 8 12 13 | 13.5
Armour         | 4 5 6 7 8 9 |  9.8
Dodging        | 1 2 3 4 5 6 |  6.1
Shields        | 4 5 6 7 8 9 |  9.5

Action                     |  1- 3 |  4- 6 |  7- 9 | 10-12 | 13-15 || total
---------------------------+-------+-------+-------+-------+-------++-------
  Melee: War axe           |    89 |   204 |   379 |       |       ||   672
         Hand axe          |       |       |    33 |   490 |    19 ||   542
 Invoke: Berserk           |       |       |     2 |     3 |     1 ||     6
         Brothers in Arms  |       |       |       |     1 |       ||     1
  Evoke: Wand              |       |       |     9 |       |       ||     9
    Use: Scroll            |       |       |    14 |     8 |       ||    22
         Potion            |       |       |       |     2 |       ||     2
   Stab: Betrayed ally     |       |       |     1 |       |       ||     1
 Armour: Scale mail        |    68 |   185 |   192 |       |       ||   445
         Chain mail        |       |       |    66 |    24 |       ||    90
         Plate armour      |       |       |       |   384 |    18 ||   402
  Dodge: Dodged            |    45 |   113 |   279 |   312 |    13 ||   762
         Repelled          |     2 |     2 |     4 |     3 |     1 ||    12
  Block: Buckler           |    23 |    70 |   144 |   195 |     4 ||   436

Table legend: (Time is in decaauts)
 A = Elapsed time spent in this place.
 B = Non-inter-level travel time spent in this place.
 C = Inter-level travel time spent in this place.
 D = Time resting spent in this place.
 E = Time spent auto-exploring this place.
 F = Levels seen in this place.
 G = Mean time per level.
                   A        B        C        D        E       F      G
               +--------+--------+--------+--------+--------+-----+--------+
         Total |  12795 |  12508 |    287 |   2788 |   7128 |  16 |  799.7 |
       Dungeon |  11503 |  11246 |    257 |   2202 |   6972 |  13 |  884.8 |
        Temple |     32 |      2 |     30 |      0 |      0 |   1 |   32.0 |
       Ossuary |    451 |    451 |      0 |    125 |    107 |   1 |  451.0 |
        Bailey |    807 |    807 |      0 |    460 |     49 |   1 |  807.0 |
               +--------+--------+--------+--------+--------+-----+--------+

Top non-repeatable levels by time:
     D:5: 1251 daAuts
     D:6: 1225 daAuts
    D:10: 1201 daAuts
     D:4: 1008 daAuts
    D:11: 986 daAuts
     D:2: 845 daAuts
     D:8: 829 daAuts
  Bailey: 807 daAuts
     D:3: 773 daAuts
    D:12: 756 daAuts
     D:1: 695 daAuts
     D:7: 670 daAuts
    D:13: 669 daAuts
     D:9: 590 daAuts
 Ossuary: 451 daAuts
